 Dungeon Crawl Stone Soup version 0.31.0-12-g77e489cdc1 (webtiles) character file.

Game seed: 8922074446102070337

1066 Gadfly the Covered (level 8, -1/66 HPs)
             Began as an Armataur Fighter on Mar 1, 2024.
             Slain by a black bear (6 damage)
             ... on level 5 of the Dungeon.
             The game lasted 00:10:25 (3933 turns).

Gadfly the Covered (Armataur Fighter)               Turns: 3933, Time: 00:10:26

Health: -1/66      AC: 14    Str: 22    XL:     8   Next: 7%
Magic:  11/11      EV:  6    Int:  8    God:
Gold:   287        SH:  5    Dex: 12    Spells: 7/7 levels left

rFire   . . .        a - +5 flail (holy)
rCold   . . .        c - +0 buckler
rNeg    . . .        l - +0 chain mail
rPois   .            (no helmet)
rElec   .            q - +1 cloak
rCorr   .            p - +2 pair of gloves
SInv    .            (no barding)
Will    .....        (no amulet) Stlth
                     (no ring)
HPRegen 0.31/turn    (no ring)
MPRegen 0.12/turn

%: roll
@: no status effects
A: large, deformed body, tough skin 3, armoured tail, roll 2
a: no special abilities


You were on level 5 of the Dungeon.
You visited 1 branch of the dungeon, and saw 5 of its levels.

You collected 287 gold pieces.

Inventory:

Hand Weapons
 a - a +5 flail of holy wrath (weapon)
 b - a +0 flail of protection
 h - a +1 flail
 j - a +1 hand axe of flaming
Armour
 c - a +0 buckler (worn)
 l - a +0 chain mail (worn)
 p - a +2 pair of gloves (worn)
 q - a +1 cloak (worn)
Scrolls
 e - a scroll of blinking
 o - a scroll of vulnerability
Potions
 d - a potion of might
 k - a potion of enlightenment
 n - a potion of haste


   Skills:
 + Level 4.0 Fighting
 * Level 4.3 Maces & Flails
 + Level 5.2 Armour
 + Level 4.7 Shields
 * Level 4.1 Invocations
 * Level 4.1 Evocations


You had 7 spell levels left.
You didn't know any spells.
Your spell library contained the following spells:

 Spells                   Type           Power      Damage    Failure   Level
 Apportation              Tloc           0%         N/A       97%         1
 Necrotise                Necr           0%         1d4       97%         1
 Sting                    Conj/Alch      0%         1d3       97%         1
 Summon Small Mammal      Summ           0%         N/A       97%         1
 Gell's Gravitas          Tloc           0%         N/A       100%        3
 Teleport Other           Tloc           0%         N/A       100%        3
 Volatile Blastmotes      Fire/Tloc      0%         2d10      100%        3
 Fulminant Prism          Conj/Alch      0%         3d5       100%        4
 Iskenderun's Mystic Bla  Conj/Tloc      0%         2d3       100%        4
 Dispersal                Tloc           0%         N/A       100%        6


Dungeon Overview and Level Annotations

Branches:
Dungeon (5/15)
 Temple: D:4-7

Altars:
Ashenzari
Hepliaklqana
Sif Muna
Uskayaw

Shops:
D:3 (

Annotations:
D:5 Menkaure


Innate Abilities, Weirdness & Mutations

Armour fits poorly on your strangely shaped body.
You have extremely tough skin. (AC +3)
You have a long armoured tail.
You regenerate magic and health when rolling toward enemies. (Rampage Regen)


Message History

The black bear goes berserk!
The ice beast hits you but does no damage.
There are no items here.
Okay, then.
As you read the scroll labelled SEJUDD ROCOPT, it crumbles to dust.
It is a scroll of amnesia.
You feel forgetful for a moment. The ice beast hits you.
* * * LOW HITPOINT WARNING * * *
The ice beast freezes you!
* * * LOW HITPOINT WARNING * * *
As you read the scroll labelled MUXAIT NEVVEERGH, it crumbles to dust.
It is a scroll of enchant armour.
Your +0 cloak glows green for a moment.
The ice beast hits you but does no damage.
You feel better.
Menkaure is no longer moving quickly.
The ice beast hits you but does no damage.
You aren't carrying any items that you can evoke.
You hit the ice beast.
The ice beast is almost dead.
The black bear rages.
You block the ice beast's attack.
You sock the ice beast!
You kill the ice beast!
The black bear bites you but does no damage.
You block the black bear's attack.
The black bear claws you but does no damage.
You barely miss the black bear.
The black bear is severely wounded.
The black bear bites you but does no damage.
The black bear claws you.
* * * LOW HITPOINT WARNING * * *
The black bear claws you but does no damage.
The black bear bites you but does no damage.
The black bear barely misses you. The black bear claws you.
* * * LOW HITPOINT WARNING * * *
You closely miss the black bear. You tail-slap the black bear.
The black bear is severely wounded.
The black bear bites you but does no damage.
The black bear barely misses you. The black bear claws you.
You die...

.... ....# ## ##### ....# .#
#... ..#.# .. .####.#######
#.#.# .. .#..........# #.#.#
#.## .#..........# #†#.# ...#
(#..........########.#.# ...#
................@hMBf.># ...####
.####.##############.#.##.......
.# #.# #....MB...... .# #.#
###.##.f..... .####.####### #.#
....... #.#.#.#.#.#.#. #.#
....... .#.#.#.#.#.#.# ...
B...... #.#.#.#.#.#.# ..?
....... .#o#.#.#.#@#
.....f......


You could see a black bear (berserk), a sleepcap, Menkaure and a bombardier
beetle.

Vanquished Creatures
  Eustachio (D:5)
  Edmund (D:4)
  2 ice beasts (D:5)
  A black bear (D:4)
  An ogre (D:4)
  2 scorpions
  2 orc priests (D:4)
  A hound (D:5)
  An iguana (D:5)
  2 orc wizards
  4 gnolls (D:5)
  7 adders
  3 dart slugs
  3 ribbon worms
  13 orcs
  11 ball pythons
  9 endoplasms
  5 giant cockroaches
  18 goblins
  3 hobgoblins
  8 kobolds
  6 quokkas
  5 bats
  9 frilled lizards
  8 rats
126 creatures vanquished.

Notes
Turn   | Place    | Note
-------+----------+-------------------------------------------
     0 | D:1      | Gadfly the Armataur Fighter began the quest for the Orb.
     0 | D:1      | Reached XP level 1. HP: 18/18 MP: 1/1
    92 | D:1      | Reached XP level 2. HP: 19/25 MP: 2/2
   289 | D:1      | Found a faded altar of an unknown god.
   330 | D:1      | Reached skill level 1 in Invocations
   336 | D:1      | Reached XP level 3. HP: 30/30 MP: 3/3
   425 | D:1      | Reached skill level 1 in Evocations
  1212 | D:2      | Reached skill level 4 in Armour
  1212 | D:2      | Reached XP level 4. HP: 38/38 MP: 5/5
  1839 | D:3      | Found a hide-covered altar of Uskayaw.
  2046 | D:3      | Found Xeirul's Weapon Boutique.
  2266 | D:3      | Reached XP level 5. HP: 45/45 MP: 6/6
  2364 | D:4      | Noticed a black bear
  2374 | D:4      | Killed a black bear
  2385 | D:4      | Reached XP level 6. HP: 25/51 MP: 7/7
  2567 | D:4      | Found a hazy altar of Hepliaklqana.
  2567 | D:4      | Found a shimmering blue altar of Sif Muna.
  2574 | D:4      | Found a faded altar of an unknown god.
  2576 | D:4      | Found a faded altar of an unknown god.
  2578 | D:4      | Found a broken altar of Ashenzari.
  2642 | D:4      | Noticed Edmund
  2661 | D:4      | Killed Edmund
  2873 | D:4      | Gained mutation: You regenerate magic and health when
                  | rolling toward enemies. (Rampage Regen) [Armataur growth]
  2873 | D:4      | Reached XP level 7. HP: 14/57 MP: 9/9
  3376 | D:5      | Entered Level 5 of the Dungeon
  3452 | D:5      | Noticed Eustachio
  3812 | D:5      | Killed Eustachio
  3813 | D:5      | Reached skill level 5 in Armour
  3909 | D:5      | Noticed Menkaure
  3915 | D:5      | Reached XP level 8. HP: 63/66 MP: 11/11
  3927 | D:5      | HP: 3/66 [ice beast (8)]
  3933 | D:5      | Slain by a black bear

Illustrated notes

Levels and vault maps discovered:
D:1:      onia_arrival_mini_spirals, layout_rooms, basic_ecumenical_altar,
          columned_hall_lemuel, hangedman_decor_clover_reticule,
          chequers_mini_garden
D:2:      minmay_inner_zag, layout_loops_ring, hangedman_decor_growths,
          grunt_decor_fettered, chequers_serial_rivers_room_a
D:3:      layout_loops_ring, overflow_temple_1_default, serial_shops, shop,
          serial_bayou_pond_a
D:4:      layout_rooms, chequers_temple_overflow_minitemple,
          minmay_ogre_servants, uniq_edmund
D:5:      layout_basic, uniq_menkaure, uniq_eustachio

Skill      XL: |  1  2  3  4  5  6  7 |
---------------+----------------------+-----
Maces & Flails | 2 3 4 |  4.3
Invocations    | 1 2 3 4 |  4.1
Evocations     | 1 2 3 4 |  4.1
Fighting       | 3 4 |  4.0
Armour         | 4 5 |  5.2
Shields        | 4 |  4.7

Action                     |  1- 3 |  4- 6 |  7- 9 || total
---------------------------+-------+-------+-------++-------
  Melee: Flail             |   125 |   143 |   125 ||   393
         Tailslap          |    14 |    16 |    18 ||    48
    Use: Scroll            |     4 |     6 |     2 ||    12
         Potion            |       |     4 |     2 ||     6
 Armour: Scale mail        |    88 |       |       ||    88
         Chain mail        |     5 |   117 |   167 ||   289
         Skin              |       |     2 |       ||     2
  Dodge: Dodged            |    47 |    34 |    85 ||   166
  Block: Buckler           |    24 |    26 |    58 ||   108
